 Dungeon Crawl Stone Soup version 0.27.0-1-g7a089689b8 (webtiles) character file.

Game seed: 13566870803592908148

1 Descartes the Sneak (level 1, -4/11 HPs)
             Began as a Spriggan Delver on Aug 14, 2021.
             Slain by an ogre (15 damage)
             ... on level 5 of the Dungeon.
             The game lasted 00:00:44 (86 turns).

Descartes the Sneak (Spriggan Delver)                 Turns: 86, Time: 00:00:45

Health: -4/11      AC:  2    Str:  8    XL:     1   Next: 16%
Magic:  2/2        EV: 17    Int: 11    God:
Gold:   5          SH:  0    Dex: 16    Spells: 0/0 levels left

rFire    . . .     SeeInvis +   k - +0 rapier
rCold    . . .     Faith    .   (shield restricted)
rNeg     . . .     Spirit   .   b - +0 robe
rPois    .         Reflect  .   (helmet restricted)
rElec    .         Harm     .   (no cloak)
rCorr    .         Rampage  .   (gloves unavailable)
Will     .....                  (boots unavailable)
Stlth    ++++......             i - amulet of magic regeneration
HPRegen  0.03/turn              (no ring)
MPRegen  0.33/turn              (no ring)

@: very quick
A: very small, no large weapons, unfitting armour, see invisible, speed 3
a: no special abilities


You were on level 5 of the Dungeon.
You visited 1 branch of the dungeon, and saw 1 of its levels.

You collected 5 gold pieces.

Inventory:

Hand Weapons
 a - a +0 short sword
 k - a +0 rapier (weapon)
Armour
 b - a +0 robe (worn)
Jewellery
 i - an amulet of magic regeneration (around neck)
Wands
 g - a wand of digging (3)
Scrolls
 c - a scroll of fog
 d - a scroll of magic mapping
 e - a scroll of fear
 h - a scroll of identify {unknown}
Potions
 f - a potion of haste
 j - 2 potions of invisibility {unknown}


   Skills:
 - Level 2.4 Fighting
 - Level 2.1 Short Blades
 - Level 2.6 Dodging
 + Level 7.3 Stealth


You couldn't memorise any spells.
You didn't know any spells.
Your spell library was empty.

Dungeon Overview and Level Annotations

Branches:
Dungeon (5/15)
 Temple: D:4-7

Altars:
Hepliaklqana
Trog


Innate Abilities, Weirdness & Mutations

You are very small and have problems with some larger weapons.
You are too small for most types of armour.
You have supernaturally acute eyesight. (SInv)
You cover ground extremely quickly. (Speed+++)


Message History

Found a dagger.
Found 5 gold pieces.
h - a scroll labelled VYZXAPTAFI
i - an amulet of magic regeneration You start putting on your amulet.
You continue putting on your amulet of magic regeneration. x5
You finish putting on your amulet of magic regeneration.
i - an amulet of magic regeneration (around neck)
j - 2 grey potions You now have 5 gold pieces.
Found 12 gold pieces.
Found a rapier.
Found 7 gold pieces.
You see here a +0 rapier.
k - a +0 rapier
k - a +0 rapier (weapon)
Found 14 gold pieces.
Found 13 gold pieces.
Found 6 gold pieces.
An orc comes into view. It is wielding a +0 short sword.
Found 51 gold pieces.
You see here 7 gold pieces.
An orc comes into view. It is wielding a +0 club.
You open the door.
An endoplasm comes into view.
There is an open door here.
The helpless endoplasm fails to defend itself.
You impale the endoplasm!!
You kill the endoplasm!
There is an open door here.
You open the door.
An ogre comes into view. It is wielding a +0 giant club.
There is an open door here.
The ogre shouts!
The ogre barely misses you.
You hit the ogre.
The ogre is lightly wounded.
The ogre hits you with a +0 giant club!
Ouch! That really hurt!
You die...

#... .. ##.## #.... ##...##
#...♣ ####.....##### #..$♣
###............# #....
###...###....###.###...♣
####....##.##....##.#.....♣
#.......#.O.#....##.#.#.#..
#.##..####@####............
# #.## #'#..##....#.#.#.#
#.# +.'...#..........# #.##
##.##.##....#######
#..###.#.###..##.#
##.....#......##.#
###..###.....##$#
#.........###..#
#.#............#


You could see an ogre.

Vanquished Creatures
  An endoplasm (D:5)
1 creature vanquished.

Notes
Turn   | Place    | Note
-------+----------+-------------------------------------------
     0 | D:5      | Descartes the Spriggan Delver began the quest for the Orb.
     0 | D:5      | Reached XP level 1. HP: 11/11 MP: 2/2
     4 | D:5      | Found a hazy altar of Hepliaklqana.
    12 | D:5      | Found a bloodstained altar of Trog.
    83 | D:5      | Noticed an ogre
    86 | D:5      | Slain by an ogre

Illustrated notes

Levels and vault maps discovered:
D:5:      layout_loops_ring, grunt_dithmenos_smoke, nemelex_dance_club_becter,
          mainiacjoe_overflow_small_starburst, lemuel_doored_altar,
          minmay_temple_entry_purple_smoke, serial_shops, shop_coins

Action                   || total
-------------------------++-------
Melee: Rapier            ||     2
 Stab: Sleeping          ||     1
Dodge: Dodged            ||     1
